 Dungeon Crawl Stone Soup version 0.29.1-1-gd02db69 (webtiles) character file.

Game seed: 9193990113848651036

38 Dorkslayer the Conjurer (level 3, 0/22 HPs)
             Began as an Octopode Conjurer on Sept 27, 2022.
             Succumbed to an adder's poison
             ... on level 2 of the Dungeon.
             The game lasted 00:03:22 (1756 turns).

Dorkslayer the Conjurer (Octopode Conjurer)         Turns: 1756, Time: 00:03:23

Health: 0/22       AC:  1    Str:  8    XL:     3   Next: 43%
Magic:  6/6        EV: 13    Int: 20    God:
Gold:   79         SH:  0    Dex: 10    Spells: 5/6 levels left

rFire   . . .      SeeInvis .   b - +0 morningstar
rCold   . . .      Faith    .   (no shield)
rNeg    . . .      Spirit   .   (helmet restricted)
rPois   .          Reflect  .   (no amulet)
rElec   .          Harm     .   c - ring of willpower
rCorr   .          Rampage  .   (no ring)
Will    +....                   (no ring)
Stlth   +++.......              (no ring)
HPRegen 0.07/turn               (no ring)
MPRegen 0.10/turn               (no ring)
                                (no ring)
                                (no ring)

@: mighty, lethally poisoned (0 -> -1), on berserk cooldown, slowed, very slow
A: almost no armour, amphibious, 8 rings, camouflage 1, gelatinous body 1,
(nimble swimmer 1), tentacles
a: no special abilities


You were on level 2 of the Dungeon.
You visited 1 branch of the dungeon, and saw 2 of its levels.

You collected 79 gold pieces.

Inventory:

Hand Weapons
 b - a +0 morningstar (weapon)
Missiles
 k - 2 throwing nets
Jewellery
 c - a ring of willpower (left tentacle)
Scrolls
 d - a scroll of teleportation {unknown}
 i - a scroll of summoning {unknown}
Potions
 a - a potion of magic
 f - a potion of haste {unknown}
 g - a potion of degeneration {unknown}
 h - a potion of heal wounds {unknown}
 l - a potion of curing {unknown}
 m - a potion of resistance {unknown}


   Skills:
 * Level 0.4 Fighting
 + Level 0.2 Maces & Flails
 * Level 2.3 Dodging
 + Level 2.9 Stealth
 * Level 0.7 Unarmed Combat
 * Level 2.3 Spellcasting
 + Level 4.4 Conjurations


You had 5 spell levels left.
You knew the following spells:

 Your Spells              Type           Power      Damage    Failure   Level
a - Magic Dart            Conj           80%        1d7       2%          1

Your spell library contained the following spells:

 Spells                   Type           Power      Damage    Failure   Level
 Searing Ray              Conj           40%        2d5       3%          2
 Dazzling Flash           Conj/Hex       22%        N/A       19%         3
 Fulminant Prism          Conj/Hex       5%         3d7       52%         4
 Iskenderun's Mystic Bla  Conj/Tloc      11%        2d4       52%         4


Dungeon Overview and Level Annotations

Branches:
Dungeon (2/15)

Altars:


Innate Abilities, Weirdness & Mutations

You cannot wear most types of armour.
You are amphibious.
You can wear up to eight rings at the same time.
Your skin changes colour to match your surroundings (Stealth+).
Your rubbery body absorbs attacks. (AC +1, EV +1)
((You are camouflaged when in or above water. (Stealth+)))
You have tentacles for arms and can constrict up to eight enemies at once.


Message History

The adder hisses angrily.
You closely miss the rat. You grab the rat. You squeeze the rat.
You kill the rat!
You closely miss the adder. Your grab misses the adder. The adder bites you.
You are poisoned.
The adder poisons you! The adder closely misses you.
You closely miss the adder. Your grab misses the adder.
Your squeeze misses the adder.
You feel sick. The adder bites you.
You are more poisoned.
The adder poisons you! The adder closely misses you.
You closely miss the adder. You grab the adder. You constrict the adder.
You feel very sick. The adder bites you.
You are lethally poisoned!
The adder poisons you! The adder bites you but does no damage.
You puncture the adder!
The adder is severely wounded.
You constrict the adder.
You kill the adder!
You feel very sick.
* * * LOW HITPOINT WARNING * * *
You feel sick.
It was a potion of berserk rage.
A red film seems to cover your vision as you go berserk!
You feel yourself moving faster!
You feel mighty!
You feel sick.
You are too berserk!
Calm down first, please.
You feel a strong urge to attack something.
You feel sick.
You feel sick.
You feel your anger nearly subside.
You feel sick.
You are no longer berserk.
You are exhausted.
You feel yourself slow down.
* * * LOW HITPOINT WARNING * * *
You feel sick.
It was a potion of might.
You feel very mighty all of a sudden.
You die...

#.#..#####.. .#.
#.##........ ..
#####..........# ..
##............... ##
#.##................
...##.#.................
........................
........................
.......@....†.......<...
..##....................
#....................
#....................
#.........#.....#....
.........####.#######.
.##.......# #.# #.
##.....## #.# #. #.


There were no monsters in sight!

Vanquished Creatures
  An adder (D:2)
  A dart slug (D:2)
  3 bats (D:1)
  2 endoplasms (D:1)
  A giant cockroach (D:1)
  2 hobgoblins
  3 jackals (D:1)
  2 kobolds (D:1)
  A quokka (D:1)
  2 ball pythons (D:1)
  A frilled lizard (D:1)
  A goblin (D:1)
  7 rats
27 creatures vanquished.

Notes
Turn   | Place    | Note
-------+----------+-------------------------------------------
     0 | D:1      | Dorkslayer the Octopode Conjurer began the quest for the
                  | Orb.
     0 | D:1      | Reached XP level 1. HP: 11/11 MP: 3/3
   407 | D:1      | Reached XP level 2. HP: 17/17 MP: 3/5
  1419 | D:1      | Found a faded altar of an unknown god.
  1712 | D:2      | Reached XP level 3. HP: 21/21 MP: 6/6
  1755 | D:2      | HP: 1/22 [poisoned by an adder]
  1756 | D:2      | Succumbed to an adder's poison

Illustrated notes

Levels and vault maps discovered:
D:1:      wander_arrival_lonely_grave, layout_basic,
          shapermc_ecumenical_altar_hornbeckon, st_stairs_2
D:2:      layout_rooms, basic_altar

Action                   || total
-------------------------++-------
Melee: Unarmed           ||     4
       Constrict         ||    12
       Tentacles         ||    10
       Punch             ||     1
       Morningstar       ||    31
 Cast: Magic Dart        ||    17
  Use: Potion            ||     2
 Stab: Sleeping          ||     3
Armor: Skin              ||     3
Dodge: Dodged            ||    29
